3005 views
Uploaded 2020-02-05 00:35:02
Game version 1.32 / 1.32.1
12:24 long 2on2 ladder game on (4)SynergyBigPaved
Saved by Grim
3005 views
Uploaded 2020-02-05 00:35:02
Game version 1.32 / 1.32.1
12:24 long 2on2 ladder game on (4)SynergyBigPaved


43 units @ 5.3k
/ 0.5k
19 buildings @ 3.3k
/ 1k

| Healing Salve | 2 | 200 |
| Lesser Clarity Potion | 1 | 70 |
| total: | 3 | 270g |
| Peon | 7 | 525 | / | 0 |
| Troll Headhunter | 15 | 2100 | / | 300 |
| Grunt | 1 | 200 | / | 0 |
| Troll Berserker | 1 | 140 | / | 20 |
| total: | 24 | 2965g | / | 320w |
| Altar of Storms | 1 | 180 | / | 50 |
| Orc Burrow | 4 | 640 | / | 160 |
| War Mill | 1 | 205 | / | 0 |
| Barracks | 2 | 360 | / | 100 |
| Voodoo Lounge | 1 | 130 | / | 30 |
| Spirit Lodge | 1 | 150 | / | 150 |
| Stronghold | 1 | 315 | / | 190 |
| Fortress | 1 | 325 | / | 190 |
| total: | 10 | 1665g | / | 490w |
| 0:01 | Peon |
| 0:01 | Peon |
| 0:04 | Altar of Storms |
| 0:17 | Orc Burrow |
| 0:20 | Peon |
| 0:31 | Peon |
| 0:46 | Peon |
| 1:16 | Peon |
| 1:25 | War Mill |
| 1:28 | Barracks |
| 1:48 | Orc Burrow |
| 2:00 | Peon |
| 2:08 | War Stomp |
| 2:21 | Barracks |
| 2:36 | Troll Headhunter |
| 2:55 | Troll Headhunter |
| 3:13 | Troll Headhunter |
| 3:22 | Voodoo Lounge |
| 3:35 | Grunt |
| 3:36 | Troll Headhunter |
| 3:42 | Orc Burrow |
| 3:58 | Troll Headhunter |
| 4:12 | Troll Headhunter |
| 4:34 | Troll Headhunter |
| 4:46 | Troll Headhunter |
| 4:59 | Endurance Aura |
| 5:01 | Troll Headhunter |
| 5:14 | Troll Headhunter |
| 5:15 | Steel Ranged Weapons |
| 6:12 | Stronghold |
| 6:13 | Steel Armor |
| 6:28 | Orc Burrow |
| 6:33 | Troll Headhunter |
| 7:05 | Troll Headhunter |
| 7:19 | Healing Salve |
| 7:22 | Healing Salve |
| 7:22 | Lesser Clarity Potion |
| 7:41 | War Stomp |
| 8:34 | Fortress |
| 8:35 | Thorium Ranged Weapons |
| 8:36 | Troll Regeneration |
| 9:44 | Troll Headhunter |
| 9:57 | Troll Headhunter |
| 9:57 | Thorium Armor |
| 10:20 | Troll Headhunter |
| 11:00 | Berserker Upgrade |
| 11:27 | Endurance Aura |
| 11:34 | Spirit Lodge |
| 11:38 | Arcanite Ranged Weapons |
| 11:56 | Troll Berserker |
| Right click | 815 |
| Select group | 300 |
| Select | 231 |
| Build/train/purchase | 52 |
| Assign group | 26 |
| Use ability | 6 |
| Chat | 6 |
| Misc. action | 3 |
| Remove unit | 1 |


| Boots of Speed | 1 | 250 |
| total: | 1 | 250g |
| Wisp | 10 | 600 | / | 0 |
| Huntress | 9 | 1755 | / | 180 |
| total: | 19 | 2355g | / | 180w |
| Altar of Elders | 1 | 180 | / | 50 |
| Moon Well | 5 | 900 | / | 200 |
| Hunter's Hall | 1 | 210 | / | 100 |
| Ancient of War | 2 | 300 | / | 120 |
| Tree of Ages | 1 | 320 | / | 180 |
| Tree of Eternity | 1 | 330 | / | 200 |
| total: | 9 | 1590g | / | 470w |
| 0:03 | Wisp |
| 0:03 | Wisp |
| 0:03 | Wisp |
| 0:03 | Wisp |
| 0:05 | Altar of Elders |
| 0:18 | Moon Well |
| 0:33 | Wisp |
| 0:33 | Wisp |
| 0:53 | Wisp |
| 0:53 | Wisp |
| 1:10 | Wisp |
| 1:24 | Hunter's Hall |
| 1:48 | Wisp |
| 1:52 | Ancient of War |
| 2:10 | Entangling Roots |
| 2:15 | Ancient of War |
| 2:29 | Moon Well |
| 3:06 | Moon Well |
| 3:22 | Huntress |
| 3:43 | Huntress |
| 3:47 | Huntress |
| 3:47 | Huntress |
| 4:29 | Boots of Speed |
| 4:52 | Huntress |
| 6:11 | Moon Well |
| 6:12 | Moon Well |
| 6:43 | Thorns Aura |
| 6:44 | Entangling Roots |
| 6:54 | Tree of Ages |
| 7:34 | Huntress |
| 8:18 | Moon Armor |
| 8:18 | Strength of the Moon |
| 8:56 | Huntress |
| 9:21 | Moon Glaive |
| 9:37 | Thorns Aura |
| 10:13 | Tree of Eternity |
| 10:15 | Improved Moon Armor |
| 11:04 | Huntress |
| 11:04 | Huntress |
| 11:53 | Improved Strength of the Moon |
| 11:59 | Frost Arrows |
| Assign group | 1136 |
| Right click | 846 |
| Select group | 555 |
| Select | 212 |
| Chat | 45 |
| Build/train/purchase | 37 |
| Use ability | 16 |
| Minimap ping | 5 |
| Misc. action | 4 |
| Item give/drop | 3 |
38 units @ 6.8k
/ 1.1k
17 buildings @ 2.8k
/ 0.9k

| Acolyte | 2 | 150 | / | 0 |
| Ghoul | 2 | 240 | / | 0 |
| Crypt Fiend | 15 | 3225 | / | 600 |
| total: | 19 | 3615g | / | 600w |
| Nerubian Tower | 1 | 100 | / | 20 |
| Altar of Darkness | 1 | 180 | / | 50 |
| Crypt | 1 | 200 | / | 50 |
| Ziggurat | 5 | 750 | / | 250 |
| Graveyard | 1 | 215 | / | 0 |
| Slaughterhouse | 1 | 140 | / | 135 |
| Halls of the Dead | 1 | 320 | / | 210 |
| total: | 9 | 1485g | / | 485w |
| 0:06 | Acolyte |
| 0:06 | Acolyte |
| 0:12 | Altar of Darkness |
| 0:24 | Crypt |
| 0:48 | Ziggurat |
| 1:24 | Graveyard |
| 1:49 | Ziggurat |
| 1:54 | Ghoul |
| 1:58 | Ghoul |
| 2:23 | Ziggurat |
| 2:44 | Death Coil |
| 3:06 | Crypt Fiend |
| 3:06 | Crypt Fiend |
| 3:26 | Crypt Fiend |
| 3:46 | Halls of the Dead |
| 4:05 | Crypt Fiend |
| 4:29 | Crypt Fiend |
| 4:33 | Ziggurat |
| 5:00 | Crypt Fiend |
| 5:44 | Nerubian Tower |
| 6:26 | Creature Attack |
| 6:31 | Ziggurat |
| 6:38 | Burrow |
| 6:40 | Crypt Fiend |
| 7:05 | Creature Carapace |
| 7:32 | Slaughterhouse |
| 7:54 | Crypt Fiend |
| 9:04 | Unholy Aura |
| 9:21 | Crypt Fiend |
| 9:21 | Crypt Fiend |
| 9:45 | Crypt Fiend |
| 9:58 | Crypt Fiend |
| 10:34 | Crypt Fiend |
| 11:10 | Crypt Fiend |
| 11:43 | Crypt Fiend |
| Select | 230 |
| Right click | 180 |
| Build/train/purchase | 35 |
| Select group | 28 |
| Use ability | 12 |
| Assign group | 9 |
| Minimap ping | 3 |


| Rod of Necromancy | 3 | 450 |
| Ritual Dagger | 1 | 125 |
| Potion of Healing | 1 | 150 |
| Dust of Appearance | 1 | 75 |
| total: | 6 | 800g |
| Acolyte | 4 | 300 | / | 0 |
| Ghoul | 3 | 360 | / | 0 |
| Crypt Fiend | 11 | 2365 | / | 440 |
| Obsidian Statue | 1 | 200 | / | 35 |
| total: | 19 | 3225g | / | 475w |
| Nerubian Tower | 1 | 100 | / | 20 |
| Spirit Tower | 1 | 145 | / | 40 |
| Crypt | 1 | 200 | / | 50 |
| Graveyard | 1 | 215 | / | 0 |
| Ziggurat | 3 | 450 | / | 150 |
| Altar of Darkness | 1 | 180 | / | 50 |
| Tomb of Relics | 1 | 130 | / | 30 |
| Slaughterhouse | 1 | 140 | / | 135 |
| Halls of the Dead | 1 | 320 | / | 210 |
| Black Citadel | 1 | 325 | / | 230 |
| total: | 8 | 1315g | / | 415w |
| 0:03 | Acolyte |
| 0:05 | Crypt |
| 0:11 | Graveyard |
| 0:17 | Acolyte |
| 0:17 | Acolyte |
| 0:39 | Ziggurat |
| 0:58 | Altar of Darkness |
| 1:07 | Ghoul |
| 1:07 | Ghoul |
| 1:32 | Crypt Fiend |
| 1:32 | Crypt Fiend |
| 1:45 | Ziggurat |
| 2:06 | Crypt Fiend |
| 2:19 | Tomb of Relics |
| 2:36 | Ghoul |
| 2:42 | Nerubian Tower |
| 3:01 | Death Coil |
| 3:26 | Crypt Fiend |
| 3:47 | Rod of Necromancy |
| 3:49 | Dust of Appearance |
| 4:03 | Halls of the Dead |
| 4:39 | Crypt Fiend |
| 4:43 | Ziggurat |
| 5:19 | Crypt Fiend |
| 6:10 | Crypt Fiend |
| 6:42 | Crypt Fiend |
| 6:45 | Slaughterhouse |
| 6:51 | Rod of Necromancy |
| 7:14 | Unholy Aura |
| 7:48 | Frost Nova |
| 7:51 | Black Citadel |
| 7:54 | Rod of Necromancy |
| 8:05 | Burrow |
| 8:38 | Obsidian Statue |
| 8:39 | Crypt Fiend |
| 9:43 | Crypt Fiend |
| 10:04 | Crypt Fiend |
| 11:23 | Ritual Dagger |
| 11:45 | Potion of Healing |
| 11:59 | Spirit Tower |
| 12:14 | Acolyte |
| Right click | 1363 |
| Select group | 492 |
| Assign group | 289 |
| Select | 260 |
| Build/train/purchase | 74 |
| Use ability | 26 |
| Chat | 18 |
| Item give/drop | 1 |
| Minimap ping | 1 |
⇛